 Dungeon Crawl Stone Soup version 0.28-a0-697-g47f3eba078 (webtiles) character file.

Game seed: 15303073377934122125

32 ytrimaz the Caller (level 3, -2/21 HPs)
             Began as a Merfolk Summoner on Oct 23, 2021.
             Slain by an adder (4 damage)
             ... on level 2 of the Dungeon.
             The game lasted 00:02:59 (1944 turns).

ytrimaz the Caller (Merfolk Summoner)               Turns: 1944, Time: 00:03:00

Health: -2/21      AC:  2    Str:  8    XL:     3   Next: 27%
Magic:  6/6        EV: 12    Int: 15    God:
Gold:   1355       SH:  0    Dex: 14    Spells: 5/6 levels left

rFire   . . .      SeeInvis .   c - +0 dagger (venom)
rCold   . . .      Faith    .   (no shield)
rNeg    . . .      Spirit   .   a - +0 robe
rPois   .          Reflect  .   (no helmet)
rElec   .          Harm     .   (no cloak)
rCorr   .          Rampage  .   (no gloves)
Will    .....                   (no boots)
Stlth   ++........              (no amulet)
HPRegen 0.07/turn               (no ring)
MPRegen 0.10/turn               (no ring)

@: lethally poisoned (-2 -> -8)
A: (nimble swimmer 2), mertail, frail 1
a: no special abilities


You were on level 2 of the Dungeon.
You visited 1 branch of the dungeon, and saw 2 of its levels.

You collected 1355 gold pieces.

Inventory:

Hand Weapons
 c - a +0 dagger of venom (weapon)
 d - a +0 dagger of protection
Armour
 a - a +0 robe (worn)
Scrolls
 g - a scroll of amnesia {unknown}
Potions
 b - a potion of attraction


   Skills:
 - Level 2.6 Dodging
 - Level 2.1 Stealth
 * Level 2.4 Spellcasting
 * Level 4.7 Summonings


You had 5 spell levels left.
You knew the following spells:

 Your Spells              Type           Power      Damage    Failure   Level
a - Summon Small Mammal   Summ           64%        N/A       3%          1

Your spell library contained the following spells:

 Spells                   Type           Power      Damage    Failure   Level
 Call Imp                 Summ           16%        N/A       4%          2
 Call Canine Familiar     Summ           16%        N/A       9%          3
 Summon Guardian Golem    Hex/Summ       9%         N/A       24%         3
 Summon Lightning Spire   Summ/Air       9%         N/A       61%         4


Dungeon Overview and Level Annotations

Branches:
Dungeon (2/15)

Altars:


Innate Abilities, Weirdness & Mutations

((You are quick and stealthy near water. (Stealth+, EV+, Speed+++)))
Your lower body shifts to a powerful aquatic tail in water.
You are frail. (-10% HP)


Message History

Your bat hits the goblin.
The goblin dies!
An adder comes into view.
Casting: Summon Small Mammal (safe; 3% risk of failure)
Confirm with . or Enter, or press ? or * to list all spells.
Your bat disappears in a puff of smoke!
The adder closely misses your rat.
Your rat bites the adder.
The adder completely misses your rat.
Your rat completely misses the adder.
Your rat closely misses the adder.
The adder bites your quokka.
Your quokka is poisoned.
The adder poisons your quokka!
Your quokka bites the adder.
The adder closely misses your quokka.
Your quokka bites the adder.
The adder bites your quokka.
Your quokka dies!
Your quokka's corpse disappears in a puff of smoke!
Things that are here:
a +0 dagger of venom; a goblin corpse
c - a +0 dagger of venom Your rat bites the adder.
The adder bites your rat.
Your rat dies!
Your rat's corpse disappears in a puff of smoke!
The adder hisses angrily.
Your +0 dagger of protection goes still.
Your +0 dagger of venom begins to drip with poison!
c - a +0 dagger of venom (weapon)
You barely miss the adder.
The adder is almost dead.
The adder barely misses you.
You closely miss the adder.
The adder is almost dead.
The adder bites you. x2
* * * LOW HITPOINT WARNING * * *
You are lethally poisoned!
The adder poisons you!
Unknown command.
It was a potion of magic.
Magic courses through your body.
* * * LOW HITPOINT WARNING * * *
You feel sick. The adder bites you.
You die...

..........
####.##..# #.#
.....#.#..
#.........####.#
.#.#.# ..
#.###.#........#
.#.#.# #... #.#
#.#..####### .#.#..
....####.###.#..#
..#
..................#
...
...............#S.#
..#
............###..#
..........@S###..#
.....#...†.......#
#........)####..#
#....#.#### #..#
#... #.# #..# #..
#.# ##.# #.# .# #.#
.# #.# ##


You could see an adder.

Vanquished Creatures
  A dart slug (D:1)
  A bat (D:1)
  2 giant cockroaches (D:1)
  A frilled lizard (D:2)
  2 goblins (D:1)
  A kobold (D:2)
8 creatures vanquished.

Vanquished Creatures (collateral kills)
  2 ball pythons (D:1)
  A bat (D:1)
  3 endoplasms (D:1)
  2 goblins
  A hobgoblin (D:1)
  5 jackals (D:1)
  2 kobolds (D:1)
16 creatures vanquished.

Grand Total: 24 creatures vanquished

Notes
Turn   | Place    | Note
-------+----------+-------------------------------------------
     0 | D:1      | ytrimaz the Merfolk Summoner began the quest for the Orb.
     0 | D:1      | Reached XP level 1. HP: 13/13 MP: 3/3
   437 | D:1      | Reached XP level 2. HP: 19/19 MP: 0/5
  1150 | D:1      | Reached XP level 3. HP: 24/24 MP: 3/6
  1246 | D:1      | Identified a scroll of acquirement
  1246 | D:1      | Acquired 1287 gold pieces
  1917 | D:2      | Gained mutation: You are frail. (-10% HP) [potion of
                  | mutation]
  1944 | D:2      | Slain by an adder

Illustrated notes

Levels and vault maps discovered:
D:1:      kennysheep_arrival_seaside, layout_loops_ring
D:2:      layout_basic, hex_medium

Action                   || total
-------------------------++-------
Melee: Unarmed           ||    27
       Dagger            ||    83
 Cast: Summon Small Mamm ||    35
  Use: Potion            ||     3
       Scroll            ||     2
 Stab: Sleeping          ||     1
Armor: Robe              ||    54
Dodge: Dodged            ||   104

Table legend: (Time is in decaauts)
 A = Elapsed time spent in this place.
 B = Non-inter-level travel time spent in this place.
 C = Inter-level travel time spent in this place.
 D = Time resting spent in this place.
 E = Time spent auto-exploring this place.
 F = Levels seen in this place.
 G = Mean time per level.
                   A        B        C        D        E       F      G
               +--------+--------+--------+--------+--------+-----+--------+
         Total |   1936 |   1888 |     48 |    430 |   1070 |   2 |  968.0 |
       Dungeon |   1936 |   1888 |     48 |    430 |   1070 |   2 |  968.0 |
               +--------+--------+--------+--------+--------+-----+--------+

Top non-repeatable levels by time:
     D:1: 1728 daAuts
     D:2: 208 daAuts
